 Dungeon Crawl Stone Soup version 0.28.0-62-gf88900778d (webtiles) character file.

Game seed: 13740100856431246841

6717 Coron the Protected (level 10, 0/99 HPs)
             Began as a Deep Dwarf Monk on Mar 23, 2023.
             Was a Priest of Makhleb.
             Slain by an orc warrior
             ... wielding a +1 vampiric long sword
              (13 damage)
             ... on level 9 of the Dungeon.
             The game lasted 00:39:08 (8148 turns).

Coron the Protected (Deep Dwarf Monk)               Turns: 8148, Time: 00:39:09

Health: 0/99       AC: 22    Str: 25    XL:     10   Next: 74%
Magic:  3/3        EV: 10    Int: 10    God:    Makhleb [***...]
Gold:   198        SH:  5    Dex: 19    Spells: 9/9 levels left

rFire   . . .      SeeInvis .   I - +9 flail "Veratufops" {protect, rC+ Str+5 Dex+4}
rCold   + . .      Faith    .   L - orb {mayhem}
rNeg    . . .      Spirit   .   u - +0 chain mail
rPois   .          Reflect  +   B - +2 helmet
rElec   .          Harm     .   (no cloak)
rCorr   .          Rampage  .   (no gloves)
Will    +....                   (no boots)
Stlth   ..........              i - amulet of reflection
HPRegen 0.00/turn               (no ring)
MPRegen 0.08/turn               (no ring)

@: under a protective aura, studying Maces & Flails
A: damage resistance, heal wounds, sense surroundings 2, no regeneration
a: Heal Wounds, Renounce Religion, Minor Destruction, Lesser Servant of Makhleb


You were on level 9 of the Dungeon.
You worshipped Makhleb.
Makhleb was most pleased with you.
You visited 2 branches of the dungeon, and saw 10 of its levels.
You also visited: Ossuary.

You collected 618 gold pieces.
You spent 420 gold pieces at shops.

Inventory:

Hand Weapons
 a - a +0 hand axe
 b - a +0 hand crossbow
 n - a +0 hunting sling
 s - a +0 hand axe of flaming
 I - the +9 flail "Veratufops" (weapon) {protect, rC+ Str+5 Dex+4}
   (You found it on level 8 of the Dungeon)

   It grants its wielder temporary protection when it strikes (+7 to AC).
   Str:       It affects your strength (+5).
   Dex:       It affects your dexterity (+4).
   rC:        It protects you from cold.
Missiles
 d - 2 curare-tipped darts
 f - 63 sling bullets
 k - 182 stones (quivered)
 v - 84 bolts
 w - 29 poisoned darts
 C - a throwing net
Armour
 u - a +0 chain mail (worn)
 B - a +2 helmet (worn)
 G - a +0 plate armour
 L - an orb of mayhem (worn)
Magical Staves
 o - a staff of earth
Jewellery
 i - an amulet of reflection (around neck)
 l - an amulet of magic regeneration
 K - a +4 ring of evasion
Wands
 g - a wand of polymorph (17)
 F - a wand of flame (8)
 J - a wand of acid (4)
 O - a wand of paralysis (7)
Scrolls
 c - 2 scrolls of vulnerability
 e - 2 scrolls of blinking
 h - a scroll of holy word
 j - a scroll of magic mapping
 r - 2 scrolls of fear
 x - a scroll of enchant weapon {unknown}
 y - 2 scrolls of teleportation
 z - a scroll of acquirement {unknown}
 A - 2 scrolls of enchant armour {unknown}
 E - a scroll of fog {unknown}
Potions
 m - 2 potions of mutation
 p - 4 potions of brilliance
 q - 6 potions of curing
 t - a potion of resistance
 D - 3 potions of cancellation
 H - a potion of magic
 P - a potion of might
Miscellaneous
 M - a phial of floods (inert)
 N - a tin of tremorstones (inert)


   Skills:
 - Level 9.0 Fighting
 - Level 9.0(9.8) Axes
 + Level 5.5(7.6) Maces & Flails
 - Level 3.0 Crossbows
 - Level 10.0 Armour
 - Level 3.2 Dodging
 - Level 2.4 Stealth
 - Level 4.0 Evocations


You had 9 spell levels left.
You didn't know any spells.
Your spell library contained the following spells:

 Spells                   Type           Power      Damage    Failure   Level
 Pain                     Necr           0%         1d4       88%         1
 Sandblast                Erth           0%         2d4       88%         1
 Corpse Rot               Necr/Air       0%         N/A       96%         2
 Ensorcelled Hibernation  Hex/Ice        0%         N/A       96%         2
 Passwall                 Tmut/Erth      0%         N/A       96%         2
 Poisonous Vapours        Pois/Air       0%         N/A       96%         2
 Static Discharge         Conj/Air       0%         N/A       96%         2
 Gell's Gravitas          Tloc           0%         N/A       99%         3
 Spider Form              Tmut/Pois      0%         N/A       99%         3
 Stone Arrow              Conj/Erth      0%         3d7       99%         3
 Teleport Other           Tloc           0%         N/A       99%         3
 Anguish                  Hex/Necr       0%         N/A       100%        4
 Animate Dead             Necr           0%         N/A       100%        4
 Dispel Undead            Necr           0%         3d6       100%        4
 Hailstorm                Conj/Ice       0%         3d3       100%        4
 Ice Form                 Ice/Tmut       0%         N/A       100%        4
 Sticky Flame             Conj/Fire      0%         2d3       100%        4
 Agony                    Necr           0%         N/A       100%        5
 Excruciating Wounds      Necr           0%         N/A       100%        5
 Dispersal                Tloc           0%         N/A       100%        6
 Simulacrum               Ice/Necr       0%         N/A       100%        6
 Haunt                    Necr/Summ      0%         N/A       100%        7
 Infestation              Necr           0%         N/A       100%        8


Dungeon Overview and Level Annotations

Branches:
Dungeon (9/15)             Temple (1/1) D:7            Lair (0/6) D:9
Ossuary (visited)
    Orc: D:9-12

Altars:
Ashenzari
Cheibriados
Dithmenos
Elyvilon
Fedhas
Gozag
Hepliaklqana
Kikubaaqudgha
Makhleb
Nemelex Xobeh
Okawaru
Qazlal
Ru
Sif Muna
Trog
Uskayaw
Vehumet
Wu Jian
Xom
Yredelemnul
Zin
The Shining One

Shops:
D:3 [   D:4 *!   D:6 ==

Annotations:
D:4 2 runed translucent doors, cbfl8's ghost, amateur MiBe
D:6 1 runed translucent door, 2 transporters, Crazy Yiuf; Jingleheimer's ghost, novice VSTm
D:7 2 runed translucent doors, exclusion: orange crystal statue


Innate Abilities, Weirdness & Mutations

You are resistant to damage.
You can heal yourself by infusing magical energy.
You passively map the area around you.
You do not regenerate.


Message History

Reactivating autopickup.
You feel a bit more experienced.
The scorpion stings you but does no damage.
The bullfrog hits the scorpion but does no damage.
The scorpion closely misses you.
The orc warrior hits the scorpion with a +1 vampiric long sword!!
The scorpion dies!
You sock the bullfrog!
The bullfrog is moderately wounded.
The bullfrog closely misses you. The bullfrog hits you.
You thump the bullfrog!
You kill the bullfrog!
Makhleb accepts your kill.
The orc warrior flies into a frenzy!
You hit the orc warrior but do no damage.
The orc warrior closely misses you.
The orc warrior hits you with a +1 vampiric long sword!
You bludgeon the orc warrior!!
The orc warrior is heavily wounded.
The orc warrior hits you with a +1 vampiric long sword!
The orc warrior draws strength from your wounds!
You closely miss the orc warrior.
The orc warrior is heavily wounded.
The orc warrior hits you with a +1 vampiric long sword!
The orc warrior hits you but does no damage.
You barely miss the orc warrior.
The orc warrior is heavily wounded.
The orc warrior hits you but does no damage.
The orc warrior hits you with a +1 vampiric long sword!
* * * LOW HITPOINT WARNING * * *
The orc warrior draws strength from your wounds!
You sock the orc warrior!
The orc warrior is heavily wounded.
The orc warrior hits you with a +1 vampiric long sword!
* * * LOW HITPOINT WARNING * * *
The orc warrior draws strength from your wounds!
You sock the orc warrior!
The orc warrior is heavily wounded.
The orc warrior hits you with a +1 vampiric long sword!
You die...

########
.#.#.#.###########
..†..............#
.#.#.#.#.........########
########.........#.......
##.........#....... ##
#..........#.......
.######..........#.......*
*
......'.........@o)......
, ,,
.######.........)#.......
.### ############.......
.... , , ....... , #### *
* ....... , , .# *,
.......,, , ## ###.[..
#### ...) , , ...# ,,,


You could see a neutral orc warrior (fast, strong, insane).

Vanquished Creatures
  A catoblepas (D:8)
  Pikel (D:6)
  2 gargoyles (D:8)
  A troll (D:8)
  2 slime creatures (D:8)
  3 yaks (D:9)
  2 wraiths (Ossuary)
  2 steam dragons
  A water moccasin (D:8)
  2 black bears (D:6)
  2 hornet zombies
  2 necrophages
  2 orc warriors (D:8)
  2 ice beasts (D:7)
  3 ogres
  2 kobold brigands
  3 lemures (D:6)
  4 bullfrogs
  A wyvern zombie (D:8)
  A gnoll sergeant (D:6)
  4 scorpions (D:6)
  A wyvern skeleton (D:7)
  7 wights
  3 killer bees (D:8)
  2 howler monkeys (D:7)
  A jelly (D:7)
  A bullfrog zombie (D:5)
  A bullfrog skeleton (D:5)
  2 centaur zombies
  A hound (D:6)
  4 orc priests
  A centaur skeleton (D:7)
  4 orc wizards
  3 iguanas
  A scorpion zombie (D:5)
  3 killer bee zombies
  A hound zombie (D:5)
  A hound skeleton (D:5)
  Robin (D:4)
  A howler monkey zombie (D:7)
  9 adders
  7 gnolls
  3 shadow imps
  A white imp (D:5)
  2 adder skeletons (D:4)
  A worm (D:4)
  2 dart slugs
  24 orcs
  7 endoplasms
  3 giant cockroaches
  12 goblins
  6 hobgoblins
  6 jackals
  3 quokkas
  4 ball pythons
  A ball python skeleton (Ossuary)
  6 bats
  2 frilled lizards (D:1)
  2 hobgoblin skeletons (Ossuary)
  2 hobgoblin zombies (Ossuary)
  18 kobolds
  An orc skeleton (Ossuary)
  2 orc zombies (Ossuary)
  6 rats
212 creatures vanquished.

Vanquished Creatures (collateral kills)
  8 kobolds (D:8)
8 creatures vanquished.

Vanquished Creatures (others)
  A scorpion (D:9)
  A gnoll shaman (D:7)
  2 kobolds (D:8)
  32 fungi (D:9)
  63 plants
99 creatures vanquished.

Grand Total: 319 creatures vanquished

Notes
Turn   | Place    | Note
-------+----------+-------------------------------------------
     0 | D:1      | Coron the Deep Dwarf Monk began the quest for the Orb.
     0 | D:1      | Reached XP level 1. HP: 20/20 MP: 1/1
   138 | D:1      | Reached XP level 2. HP: 26/28 MP: 2/2
   755 | D:2      | Found a faded altar of an unknown god.
   786 | D:2      | Reached skill level 1 in Armour
   787 | D:2      | Reached XP level 3. HP: 25/34 MP: 3/3
   832 | D:2      | Reached skill level 2 in Armour
  1036 | D:2      | Found a snail-covered altar of Cheibriados.
  1369 | D:3      | Reached skill level 3 in Armour
  1369 | D:3      | Reached XP level 4. HP: 38/42 MP: 4/4
  1586 | D:3      | Found Yguynk's Antique Armour Shop.
  1727 | D:3      | Noticed a steam dragon
  1899 | D:3      | Reached skill level 4 in Armour
  1961 | D:3      | Killed a steam dragon
  1962 | D:3      | Reached skill level 5 in Armour
  1962 | D:3      | Reached XP level 5. HP: 10/49 MP: 5/5
  2140 | D:4      | Found Vuahu's General Store.
  2263 | D:4      | Found a runed translucent door.
  2338 | D:4      | Reached skill level 6 in Armour
  2338 | D:4      | Reached XP level 6. HP: 20/56 MP: 4/4
  2358 | D:4      | Found a runed translucent door.
  2361 | D:4      | Noticed cbfl8's ghost (amateur MiBe)
  2860 | D:4      | Found Nuuqosim's Distillery.
  2863 | D:4      | Noticed Robin
  2901 | D:4      | Killed Robin
  2919 | D:4      | Reached skill level 5 in Axes
  3094 | D:4      | Reached XP level 7. HP: 61/64 MP: 3/3
  3123 | D:5      | Entered Level 5 of the Dungeon
  3205 | D:5      | Reached skill level 5 in Fighting
  3407 | D:5      | Reached skill level 1 in Crossbows
  3469 | D:5      | Found a sand-covered staircase.
  3479 | Ossuary  | Entered an ossuary
  3605 | Ossuary  | Noticed a wraith
  3605 | Ossuary  | Noticed a flying skull
  3612 | Ossuary  | Noticed a flying skull
  3623 | Ossuary  | Noticed a flying skull
  3661 | Ossuary  | Reached XP level 8. HP: 46/75 MP: 4/4
  3719 | Ossuary  | Noticed a flying skull
  4068 | D:6      | Noticed Pikel
  4250 | D:6      | Found Nihui's Jewellery Boutique.
  4409 | D:6      | Found Jidithin's Jewellery Shoppe.
  4470 | D:6      | Reached skill level 7 in Armour
  4762 | D:6      | Found a runed translucent door.
  4763 | D:6      | Noticed Crazy Yiuf
  4947 | D:6      | Found a transporter.
  4950 | D:6      | Noticed Jingleheimer's ghost (novice VSTm)
  4951 | D:6      | Noticed a cyclops
  4975 | D:6      | Found a transporter.
  5030 | D:6      | Killed Pikel
  5031 | D:6      | Reached skill level 8 in Armour
  5031 | D:6      | Gained mutation: You passively map the area around you.
                  | [Deep Dwarf growth]
  5031 | D:6      | Reached XP level 9. HP: 43/86 MP: 5/5
  5777 | D:6      | Bought an amulet of reflection for 420 gold pieces
  5825 | D:7      | Noticed an orange crystal statue
  5825 | D:7      | Found a runed translucent door.
  5828 | D:7      | Found the +10 tower shield of Ignorance {rN+ Int-4}
  5858 | D:7      | Found a runed translucent door.
  6007 | D:7      | Found a staircase to the Ecumenical Temple.
  6016 | Temple   | Entered the Ecumenical Temple
  6319 | Temple   | Became a worshipper of Makhleb the Destroyer
  6319 | Temple   | Reached * piety under Makhleb
  6319 | Temple   | Reached ** piety under Makhleb
  6379 | D:7      | Reached skill level 9 in Armour
  6770 | D:8      | Identified the +9 flail "Veratufops" {protect, rC+ Str+5
                  | Dex+4}
  6837 | D:8      | Found an iron altar of Okawaru.
  7127 | D:8      | Reached skill level 1 in Maces & Flails
  7160 | D:8      | Noticed a troll
  7160 | D:8      | Noticed a gargoyle
  7164 | D:8      | Noticed a catoblepas
  7167 | D:8      | Killed a troll
  7168 | D:8      | Reached XP level 10. HP: 44/96 MP: 4/4
  7173 | D:8      | Killed a gargoyle
  7183 | D:8      | Killed a catoblepas
  7374 | D:8      | Noticed a gargoyle
  7380 | D:8      | HP: 4/99 [gargoyle/stone arrow (11)]
  7384 | D:8      | Killed a gargoyle
  7629 | D:8      | Reached *** piety under Makhleb
  8098 | D:9      | Reached skill level 10 in Armour
  8098 | D:9      | Reached skill level 5 in Maces & Flails
  8148 | D:9      | Slain by an orc warrior

Illustrated notes

Levels and vault maps discovered:
D:1:      lemuel_arrival_lava_pool, layout_basic
D:2:      layout_rooms, basic_altar, hellmonk_ecumenical_altar_blasted,
          chequers_serial_rivers_large_a, minmay_misc_feat_encased,
          minmay_circle_x
D:3:      layout_loops_ring, serial_shops, nicolae_shop_statue_plus,
          corexii_shack
D:4:      layout_gridville, serial_shops, nicolae_shop_hallway_stairs,
          nicolae_shop_stone, ebering_ghost_sewer_f, dk_noncrumbling_3,
          st_stairs_1, uniq_robin
D:5:      lemuel_ice_spiral_2, layout_rooms, nicolae_ossuary_entry_monument
D:6:      layout_layer_cave, gammafunk_ghost_arena, minmay_misc_feat_x,
          nicolae_wooded_promenade, hangedman_abyss_or_decor_passed,
          minmay_strange_pillars, minivault_10, uniq_crazy_yiuf_cottage,
          uniq_pikel
D:7:      layout_rooms, minmay_temple_entry_offerings,
          chequers_guarded_unrand_ignorance
D:8:      kennysheep_kobold_camp, layout_basic, mainiacjoe_overflow_catwalk,
          minmay_the_grid_2x2 [minmay_the_grid_outer_circle,
          minmay_the_grid_doors, minmay_the_grid_holed_spiral,
          minmay_the_grid_prize_shrinking_boxes]
D:9:      layout_basic, due_lair_maze_entry_diamond, fountainhead,
          minmay_misc_feat_hallway
Temple:   mainiacjoe_temple_circle_huts

Skill      XL: |  1  2  3  4  5  6  7  8  9 10 |
---------------+-------------------------------+-----
Fighting       | 3 4 5 7 9 |  9.0
Axes           | 4 5 6 7 9 |  9.0
Armour         | 1 3 5 6 8 9 10 | 10.0
Crossbows      | 2 3 |  3.0
Evocations     | 3 4 |  4.0
Maces & Flails | 1 5 |  5.5
Dodging        | |  3.2
Stealth        | |  2.4

Action                   |  1- 3 |  4- 6 |  7- 9 | 10-12 || total
-------------------------+-------+-------+-------+-------++-------
Melee: Hand axe          |   103 |   153 |   487 |       ||   743
       Punch             |     1 |     1 |    16 |     3 ||    21
       Flail             |       |       |    28 |   131 ||   159
 Fire: Hand crossbow     |       |    12 |    26 |       ||    38
Throw: Stone             |    12 |    12 |     1 |       ||    25
 Abil: Heal Wounds       |     2 |     7 |    14 |     4 ||    27
Evoke: Wand              |       |       |     8 |     3 ||    11
       Tin of tremorston |       |       |       |     2 ||     2
       Phial of floods   |       |       |       |     1 ||     1
  Use: Scroll            |     3 |     2 |    12 |     1 ||    18
       Potion            |       |     2 |     2 |       ||     4
 Stab: Sleeping          |     3 |     2 |       |       ||     5
Armor: Robe              |    30 |     8 |       |       ||    38
       Ring mail         |       |    15 |       |       ||    15
       Scale mail        |       |    48 |    89 |       ||   137
       Chain mail        |       |       |   208 |    41 ||   249
Dodge: Dodged            |    79 |   106 |   273 |    46 ||   504
Block: Other             |       |       |    35 |     6 ||    41
       Orb               |       |       |       |     4 ||     4
       Reflection        |       |       |       |     1 ||     1
